 Dungeon Crawl Stone Soup version 0.29.0-15-g675c0067aa (webtiles) character file.

Game seed: 2403903977276376334

77 magus244 the Trooper (level 4, -13/37 HPs)
             Began as a Demonspawn Chaos Knight on Sept 11, 2022.
             Was a Plaything of Xom.
             Mangled by an iron imp (16 damage)
             ... summoned by Xom
             ... on level 3 of the Dungeon.
             The game lasted 00:14:46 (1768 turns).

magus244 the Trooper (Demonspawn Chaos Knight)      Turns: 1768, Time: 00:14:47

Health: -13/37     AC:  5    Str: 14      XL:     4   Next: 13%
Magic:  4/4        EV: 11    Int: 14      God:    Xom [......]
Gold:   121        SH:  0    Dex: 10 (12) Spells: 3/3 levels left

rFire   + . .      SeeInvis .   a - +0 hand axe (chaos)
rCold   + . .      Faith    .   (no shield)
rNeg    . . .      Spirit   .   b - +2 leather armour
rPois   +          Reflect  .   (helmet restricted)
rElec   +          Harm     .   (no cloak)
rCorr   +          Rampage  .   (no gloves)
Will    .....                   (no boots)
Stlth   +.........              (no amulet)
HPRegen 0.12/turn               (no ring)
MPRegen 0.09/turn               (no ring)

@: resistant
A: horns 1
a: Renounce Religion


You were on level 3 of the Dungeon.
You worshipped Xom.
You were a very special plaything of Xom.
You visited 1 branch of the dungeon, and saw 3 of its levels.

You collected 121 gold pieces.

Inventory:

Hand Weapons
 a - a +0 hand axe of chaos (weapon)
Armour
 b - a +2 leather armour (worn)
Miscellaneous
 c - a piece from Xom's chessboard (10/15) (quivered)


   Skills:
 + Level 3.7 Fighting
 + Level 3.4 Axes
 + Level 2.1 Armour
 + Level 1.6 Dodging
 + Level 0.1 Stealth


You had 3 spell levels left.
You didn't know any spells.
Your spell library was empty.

Dungeon Overview and Level Annotations

Branches:
Dungeon (3/15)

Altars:
Gozag


Innate Abilities, Weirdness & Mutations

You have a pair of small horns on your head.


Message History

The white imp explodes!
The iron imp closely misses you.
You are engulfed in blazing flames.
You resist.
* * * LOW HITPOINT WARNING * * *
The iron imp closely misses you.
You are too confused!
You bump into the rock wall.
The iron imp hits you!
* * * LOW HITPOINT WARNING * * *
The iron imp misses you.
You are too confused!
You bump into the rock wall.
You closely miss the iron imp. Your headbutt misses the iron imp.
You feel less invigorated.
You feel less confused. The iron imp closely misses you.
You make a move on Xom's chessboard...
The iron imp resists with significant effort.
The iron imp hits you!
* * * LOW HITPOINT WARNING * * *
You make a move on Xom's chessboard...
The iron imp suddenly stops moving!
You make a move on Xom's chessboard...
Nothing appears to happen.
Unknown command.
You make a move on Xom's chessboard...
The iron imp flickers and vanishes!
Deactivating autopickup; reactivate with Ctrl-A.
Really walk into that cloud of flame?
Okay, then.
Press: ? - help, v - describe, . - travel The floor.
There is a strange disturbance nearby!
Unknown command.
You make a move on Xom's chessboard...
Nothing appears to happen.
You hit something but do no damage.
Nothing appears to happen.
Flame seeps out of something.
You headbutt something.
Really walk into that cloud of flame?
Okay, then.
Really walk into that cloud of flame?
Okay, then.
Something hits you!
You die...
Xom thinks this is hilarious!

......# ......# #########
......# #.......# ##########
......# #.......# #.<.....[#
......# #.......# #........#
.)##### #.......# #........#
......# #.......## #........#
......# #........#####........#
†.....# #.......@.##..........#
.########.......#.##.##########
..###........>###..#.#
..............####...#
.................#..##
....................#
####.##......#....#.#
#.....##.........####
###.#.###......#....# ########


There were no monsters in sight!

Vanquished Creatures
  3 adders
  A dart slug (D:3)
  4 bats
  3 endoplasms (D:1)
  2 giant cockroaches (D:1)
  3 goblins (D:2)
  3 hobgoblins
  2 jackals (D:3)
  5 ball pythons
  5 frilled lizards
  9 kobolds
  7 rats
47 creatures vanquished.

Notes
Turn   | Place    | Note
-------+----------+-------------------------------------------
     0 | D:1      | magus244 the Demonspawn Chaos Knight began the quest for
                  | the Orb.
     0 | D:1      | Reached XP level 1. HP: 18/18 MP: 1/1
    79 | D:1      | XOM: silly message
   262 | D:1      | Gained mutation: You have a pair of small horns on your
                  | head. [demonic ancestry]
   262 | D:1      | Reached XP level 2. HP: 24/24 MP: 2/2
   571 | D:1      | XOM: silly message
   805 | D:2      | Reached skill level 1 in Dodging
   840 | D:2      | XOM: silly message
   857 | D:2      | XOM: 1-stop teleportation journey
   865 | D:2      | Reached XP level 3. HP: 26/29 MP: 3/3
   990 | D:2      | Found a faded altar of an unknown god.
  1118 | D:2      | XOM: 4-stop teleportation journey
  1386 | D:3      | Found an opulent altar of Gozag.
  1449 | D:3      | Reached XP level 4. HP: 37/37 MP: 4/4
  1699 | D:3      | XOM: god gift: scroll of teleportation
  1738 | D:3      | XOM: summons 3 hostile demons
  1752 | D:3      | HP: 1/37 [iron imp[Xom] (12)]
  1768 | D:3      | Mangled by an iron imp

Illustrated notes

Levels and vault maps discovered:
D:1:      dpeg_arrival_rooms_c, layout_basic
D:2:      layout_rooms, ebering_ecumenical_altar_rust
D:3:      layout_rooms, nicolae_gozag_cash_rules_everything_around_me,
          ebering_ghost_reflecting_pool

Skill      XL: |  1  2 |
---------------+-------+-----
Axes           | 3 |  3.4
Dodging        | 1 |  1.6
Armour         | 2 |  2.1
Fighting       | |  3.7
Stealth        | |  0.1

Action                   |  1- 3 |  4- 6 || total
-------------------------+-------+-------++-------
Melee: Hand axe          |    91 |    16 ||   107
       Headbutt          |     8 |     6 ||    14
       Punch             |     1 |       ||     1
Evoke: Piece from Xom's  |       |     5 ||     5
  Use: Potion            |     3 |     2 ||     5
       Scroll            |     4 |     3 ||     7
 Stab: Sleeping          |     1 |       ||     1
Armor: Leather armour    |    37 |    13 ||    50
Dodge: Dodged            |    49 |    27 ||    76
